 Dungeon Crawl Stone Soup version 0.26-a0-606-g3c8f2f6 (webtiles) character file.

Game seed: 6370849265984429495

14 Illumine the Chopper (level 2, 0/27 HPs)
             Began as a Palentonga Berserker on Sept 1, 2020.
             Was a Follower of Trog.
             Slain by a gnoll (4 damage)
             ... on level 2 of the Dungeon.
             The game lasted 00:00:46 (199 turns).

Illumine the Chopper (Palentonga Berserker)          Turns: 199, Time: 00:00:47

Health: 0/27       AC:  4    Str: 20    XL:     2   Next: 27%
Magic:  2/2        EV: 10    Int:  7    God:    Trog [*.....]
Gold:   30         SH:  0    Dex:  9    Spells: 1/1 levels left

rFire    . . .     SeeInvis +   a - +0 hand axe
rCold    . . .     Faith    .   (no shield)
rNeg     . . .     Spirit   .   b - +0 animal skin
rPois    .         Reflect  .   (no helmet)
rElec    .         Harm     .   (no cloak)
rCorr    .                      (no gloves)
MR       .....                  (no barding)
Stlth    +.........             (no amulet)
HPRegen  0.09/turn              (no ring)
MPRegen  0.08/turn              (no ring)

@: no status effects
A: large, rugged brown scales 3, see invisible, deformed body, roll, armoured
tail
a: Rolling Charge, Berserk, Renounce Religion


You were on level 2 of the Dungeon.
You worshipped Trog.
Trog was aware of your devotion.
You visited 1 branch of the dungeon, and saw 2 of its levels.

You collected 30 gold pieces.

Inventory:

Hand Weapons
 a - a +0 hand axe (weapon)
Armour
 b - a +0 animal skin (worn)
Potions
 c - a potion of ambrosia {unknown}


   Skills:
 + Level 3.1 Fighting
 * Level 3.4 Axes
 - Level 1.5 Armour
 + Level 1.8 Dodging


You had one spell level left.
You didn't know any spells.
Your spell library was empty.

Dungeon Overview and Level Annotations

Branches:
Dungeon (1/15)

Altars:


Innate Abilities, Weirdness & Mutations

You are completely covered in rugged brown scales. (AC +3, +7% HP)
You have supernaturally acute eyesight. (SInv)
Armour fits poorly on your strangely shaped body.
You can roll at foes to attack.
You have a long armoured tail.


Message History

The gnoll hits you with a +0 spear. x2
Found an escape hatch in the floor.
You barely miss the gnoll. The gnoll hits you with a +0 spear.
Press: ? - help, Dir - move target cursor, f - gnoll, p - gnoll
Aim: a gnoll You roll forward with a clatter of scales!
You barely miss the gnoll. You hit the gnoll.
The gnoll hits you with a +0 spear. The gnoll hits you!
* * * LOW HITPOINT WARNING * * *
Unknown command.
Roll where?
Press: ? - help, Dir - move target cursor, f - gnoll, p - gnoll
Aim: a gnoll You roll forward with a clatter of scales!
You hit the gnoll. You tail-slap the gnoll!
The gnoll is almost dead.
You hit the gnoll but do no damage.
A giant cockroach comes into view.
The gnoll hits you.
You die...

.##.. #..#..##...#
......###..#.......#
#.............##...#
#.##..###.#..)###..#
#.....###..........#
###....................
............#..........
.#....(g○°°.#..#!##....
#..>...@.g.....#.# .#..
......g.....#..#.# # .
#...........#..#.#
#................
#........##.#.. .#
.........# ..... .
#......... .....
.......s.. ..


You could see 3 gnolls and a giant cockroach.

Vanquished Creatures
  A dart slug (D:1)
  A giant cockroach (D:2)
  A hobgoblin (D:1)
  2 jackals (D:2)
  A ball python (D:1)
  2 bats
  A kobold (D:2)
  3 rats
12 creatures vanquished.

Notes
Turn   | Place    | Note
-------+----------+-------------------------------------------
     0 | D:1      | Illumine the Palentonga Berserker began the quest for the
                  | Orb.
     0 | D:1      | Reached XP level 1. HP: 20/20 MP: 1/1
   125 | D:1      | You fall into a shaft and drop 1 floor!
   177 | D:2      | Reached XP level 2. HP: 22/27 MP: 2/2
   199 | D:2      | Slain by a gnoll

Illustrated notes

Levels and vault maps discovered:
D:1:      dpeg_arrival_erosion, layout_rooms, corexii_corridor_pit
D:2:      layout_basic, old_standard_altar

Action                   || total
-------------------------++-------
Melee: Hand axe          ||    26
       Tailslap          ||     5
 Abil: Rolling Charge    ||    12
Armor: Animal skin       ||    13
Dodge: Dodged            ||     9

Table legend: (Time is in decaauts)
 A = Elapsed time spent in this place.
 B = Non-inter-level travel time spent in this place.
 C = Inter-level travel time spent in this place.
 D = Time resting spent in this place.
 E = Time spent auto-exploring this place.
 F = Levels seen in this place.
 G = Mean time per level.
                   A        B        C        D        E       F      G
               +--------+--------+--------+--------+--------+-----+--------+
         Total |    202 |    202 |      0 |      8 |    143 |   2 |  101.0 |
       Dungeon |    202 |    202 |      0 |      8 |    143 |   2 |  101.0 |
               +--------+--------+--------+--------+--------+-----+--------+

Top non-repeatable levels by time:
     D:1: 126 daAuts
     D:2: 75 daAuts
